AoeStats
← JRazzz

Arena

505866446Analyzed
4v4 RM · 21d ago on Sep 11, 2026· 68m 30s· 8 players
Game mode
Random Map
Map size
Large (8 player)
Population
200
Speed
Normal
Resources
Standard
Victory
Conquest
Starting age
Dark Age
Ending age
Imperial Age
RankedLock teamsTeams togetherTeam positionsShared explorationLock speedFull tech treeHidden civsTurbo modeCheats
Victory
Defeat
🇹🇼 Slavs · Taiwan
1443
+14
🇹🇼 Italians · Taiwan
1442
+14
🇨🇭 Mongols · Switzerland
1431
+14
🇬🇧 Britons · United Kingdom
1276
+20
🇩🇪 Slavs · Germany
1407
-16
🇨🇳 Byzantines · China
1394
-16
🇻🇳 Huns · Vietnam
1382
-15
🇨🇳 Britons · China
1369
-15
帝国F.海峰
9:20 Loom
11:20 Feudal Age
15:14 Castle Age
13:34 Horse Collar
14:04 Double-Bit Axe
17:13 Bow Saw
21:59 Wheelbarrow
21:49 Heavy Plow
21:52 Gold Mining
23:15 Gold Shaft Mining
27:52 Imperial Age
25:36 Fletching
26:56 Hand Cart
27:31 Yeomen
27:32 Bodkin Arrow
27:37 Padded Archer Armor
28:57 Conscription
29:01 Ballistics
29:01 Masonry
29:13 Bracer
29:14 Stone Mining
30:50 Chemistry
30:30 Leather Archer Armor
30:20 Loom
31:44 Architecture
31:40 Leather Archer Armor
31:34 Elite Longbowman
33:23 Ring Archer Armor
34:00 Fortified Wall
35:14 Elite Skirmisher
38:58 Two-Man Saw
40:16 Hoardings
40:49 Siege Engineers
49:24 Coinage
48:58 Pikeman
49:38 Squires
50:05 Scale Mail Armor
50:15 Forging
50:13 Halberdier
51:29 Chain Mail Armor
52:02 Caravan
53:39 Plate Mail Armor
53:44 Iron Casting
57:26 Blast Furnace
CroCkeR
12:02 Feudal Age
15:58 Castle Age
13:58 Double-Bit Axe
13:58 Horse Collar
17:07 Bow Saw
23:20 Wheelbarrow
23:10 Scale Mail Armor
23:21 Forging
22:34 Man-at-Arms
23:55 Heavy Plow
27:45 Hand Cart
30:20 Imperial Age
27:13 Long Swordsman
27:54 Squires
28:57 Forging
29:03 Chain Mail Armor
30:36 Chain Mail Armor
30:57 Iron Casting
30:56 Two-Handed Swordsman
32:37 Plate Mail Armor
31:57 Capped Ram
32:28 Champion
35:05 Blast Furnace
34:28 Conscription
36:45 Siege Ram
39:58 Crop Rotation
41:16 Loom
41:31 Fletching
41:43 Heavy Scorpion
42:36 Elite Skirmisher
42:58 Pikeman
45:25 Padded Archer Armor
45:21 Bodkin Arrow
49:09 Bodkin Arrow
56:30 Leather Archer Armor
适才相戏尔
12:00 Feudal Age
12:27 Double-Bit Axe
12:24 Horse Collar
13:20 Gold Mining
14:48 Wheelbarrow
18:39 Castle Age
19:32 Bow Saw
20:03 Gold Shaft Mining
19:27 Loom
22:52 Imperial Age
21:32 Sanctity
21:48 Redemption
23:52 Block Printing
24:40 Chemistry
24:50 Two-Man Saw
24:41 Illumination
31:23 Hand Cart
47:06 Fletching
50:46 Bodkin Arrow
52:03 Bracer
52:03 Padded Archer Armor
52:10 Caravan
52:07 Stone Mining
55:37 Leather Archer Armor
57:12 Ring Archer Armor
58:20 Conscription
58:01 Elite Skirmisher
58:46 Thumb Ring
60:38 Ballistics
64:14 Conscription
Vince
10:34 Feudal Age
14:54 Castle Age
12:47 Double-Bit Axe
13:17 Horse Collar
15:59 Bow Saw
15:51 Heavy Plow
21:16 Wheelbarrow
21:59 Gold Mining
22:46 Stone Mining
23:31 Gold Shaft Mining
23:43 Loom
24:13 Hand Cart
23:44 Town Watch
28:39 Imperial Age
27:39 Scale Barding Armor
27:44 Forging
29:14 Chain Barding Armor
29:49 Iron Casting
29:38 Marauders
29:58 Conscription
29:53 Elite Tarkan
30:51 Bloodlines
30:41 Husbandry
32:48 Plate Barding Armor
35:09 Blast Furnace
34:56 Devotion
35:17 Heresy
36:13 Caravan
39:05 Chemistry
38:25 Ballistics
38:17 Masonry
42:07 Atheism
43:51 Light Cavalry
46:17 Hussar
54:39 Fletching
55:33 Bodkin Arrow
57:34 Bracer
57:34 Murder Holes
Benjamin
10:46 Feudal Age
15:02 Castle Age
13:17 Double-Bit Axe
13:34 Horse Collar
16:04 Wheelbarrow
16:50 Bow Saw
16:50 Heavy Plow
19:51 Squires
20:26 Hand Cart
21:05 Pikeman
22:00 Scale Mail Armor
23:22 Chain Mail Armor
23:06 Town Watch
23:07 Loom
29:43 Imperial Age
27:44 Forging
27:44 Gold Mining
27:44 Stone Mining
29:20 Iron Casting
31:18 Plate Mail Armor
32:06 Blast Furnace
31:08 Halberdier
34:25 Conscription
34:12 Scale Barding Armor
35:12 Druzhina
36:44 Detinets
37:51 Two-Man Saw
37:44 Chain Barding Armor
41:04 Plate Barding Armor
40:00 Elite Boyar
41:26 Gold Shaft Mining
40:41 Stone Mining
44:37 Bloodlines
44:27 Husbandry
44:36 Fletching
45:22 Hoardings
46:24 Bodkin Arrow
47:29 Crop Rotation
49:49 Caravan
51:39 Capped Ram
52:59 Siege Ram
53:05 Siege Ram
JRazzz
10:22 Feudal Age
13:55 Castle Age
12:24 Double-Bit Axe
12:34 Horse Collar
14:33 Wheelbarrow
15:46 Bow Saw
19:52 Town Watch
19:55 Loom
23:02 Hand Cart
22:41 Gold Mining
22:41 Stone Mining
23:01 Heavy Plow
28:20 Imperial Age
25:59 Fletching
26:09 Padded Archer Armor
26:06 Crossbowman
27:10 Ballistics
27:19 Bodkin Arrow
28:33 Leather Archer Armor
29:07 Bracer
30:16 Chemistry
29:16 Arbalester
31:36 Ring Archer Armor
32:04 Yeomen
34:45 Elite Longbowman
35:47 Conscription
35:25 Pikeman
36:06 Squires
35:51 Gambesons
35:51 Arson
36:10 Scale Mail Armor
36:20 Forging
37:07 Warwolf
37:15 Halberdier
39:00 Chain Mail Armor
39:21 Iron Casting
41:20 Plate Mail Armor
Zlap
10:22 Feudal Age
14:18 Castle Age
12:31 Double-Bit Axe
12:45 Horse Collar
19:05 Wheelbarrow
20:28 Bow Saw
22:41 Hand Cart
22:31 Heavy Plow
23:58 Stone Mining
23:59 Gold Mining
24:14 Loom
24:15 Town Watch
25:30 Stone Shaft Mining
25:56 Gold Shaft Mining
29:24 Imperial Age
27:11 Padded Archer Armor
27:02 Fletching
27:33 Ballistics
28:31 Nomads
28:28 Bodkin Arrow
28:48 Leather Archer Armor
29:15 Murder Holes
30:12 Thumb Ring
30:32 Parthian Tactics
30:09 Husbandry
30:59 Bloodlines
31:52 Chemistry
31:14 Bracer
32:05 Conscription
32:46 Drill
31:51 Elite Mangudai
33:25 Drill
32:59 Capped Ram
34:13 Siege Ram
35:36 Siege Engineers
35:47 Heavy Scorpion
37:17 Caravan
38:27 Hoardings
37:51 Onager
39:41 Scale Barding Armor
39:47 Forging
39:09 Light Cavalry
40:35 Masonry
40:47 Chain Barding Armor
40:25 Hussar
46:05 Iron Casting
48:09 Town Patrol
51:24 Siege Onager
54:49 Blast Furnace
59:48 Elite Skirmisher
60:41 Fortified Wall
Captain Jack Sparrow
10:53 Feudal Age
12:42 Double-Bit Axe
12:53 Horse Collar
15:16 Castle Age
13:46 Gold Mining
16:22 Bow Saw
16:14 Heavy Plow
20:15 Stone Mining
21:07 Loom
24:16 Wheelbarrow
23:28 Town Watch
24:33 Fletching
27:23 Hand Cart
31:19 Imperial Age
30:54 Bodkin Arrow
33:04 Chemistry
32:33 Conscription
32:23 Bracer
35:04 Two-Man Saw
37:58 Padded Archer Armor
38:50 Elite Genoese Crossbowman
40:00 Ballistics
40:14 Thumb Ring
43:14 Silk Road
43:10 Leather Archer Armor
42:46 Capped Ram
45:24 Ring Archer Armor
45:05 Caravan
46:03 Elite Skirmisher
60:10 Coinage
67:41 Banking
67:22 Guilds
Connection lost

Rejoining the realm…

Still unreachable

The connection could not be restored.

Session expired

The server has moved on; the page needs a fresh start.